Map: Oceanborn LE

Players

Sifakas

  • Race: Terran Terran
  • League: Diamond
  • Spawn Location: 11:00

A.I. 1 (Very Easy) - Winner!

  • Race: Protoss Protoss
  • Spawn Location: 5:00

VOD

Have the link to the VOD?

Description

Time

  • Played on: Oct. 23, 2024, 3:45 a.m.
  • Length: 11:37
Show
View Real Time Build Order
Export as new Build Order

Sifakas Terran 

Build Orders:  

Get SALT Encoding   

  12  0:00  SCV  
  13  0:12  SCV  
  14  0:17  Supply Depot  
  14  0:24  SCV  
  15  0:38  SCV  
  15  0:39  Barracks  
  16  0:43  Refinery  
  16  0:50  SCV  
  17  1:03  SCV  
  18  1:15  SCV  
  19  1:27  Marine, Orbital Command  
  20  1:42  Command Center  
  20  1:50  Barracks Reactor  
  20  1:53  SCV  
  21  1:57  Supply Depot  
  20  2:05  SCV  
  21  2:11  Barracks  
  21  2:17  SCV  
  22  2:23  Barracks  
  22  2:26  Marine  
  22  2:27  Marine  
  24  2:30  SCV  
  25  2:37  Bunker  
  25  2:43  SCV  
  26  2:47  Marine x2  
  28  2:55  SCV, Orbital Command  
  29  3:02  Barracks Tech Lab  
  29  3:06  Marine x2  
  29  3:07  SCV  
  29  3:10  Barracks Tech Lab  
  32  3:19  SCV  
  33  3:21  Stimpack  
  33  3:22  Marauder  
  33  3:24  SCV  
  36  3:30  Supply Depot  
  36  3:31  SCV  
  36  3:33  Combat Shield  
  37  3:35  Marauder  
  37  3:36  SCV  
  37  3:39  Marine  
  37  3:40  Marine  
  42  3:43  SCV  
  42  3:46  Marauder  
  45  3:49  SCV  
  45  3:54  Supply Depot  
  45  3:55  SCV  
  47  3:57  Marine, Marauder  
  47  3:58  Marine  
  51  4:05  SCV  
  51  4:08  Marauder  
  54  4:16  Marine x2, SCV  
  57  4:18  Marauder  
  57  4:19  SCV, Supply Depot  
  60  4:24  Supply Depot  
  60  4:28  SCV  
  60  4:31  Factory  
  61  4:34  Refinery  
  61  4:37  Refinery  
  61  4:41  Engineering Bay  
  61  4:44  Supply Depot  
  61  4:46  SCV x2  
  61  4:49  Marine x3  
  61  4:51  Marine  
  67  4:58  SCV  
  68  5:06  Marine, Terran Infantry Weapons Level 1  
  68  5:07  Marine, Supply Depot  
  69  5:13  SCV x2  
  72  5:21  Starport  
  72  5:22  Factory Reactor  
  72  5:25  SCV x2  
  74  5:30  Supply Depot  
  74  5:33  Supply Depot  
  74  5:34  Marine x2  
  74  5:35  Marine  
  75  5:37  Concussive Shells, SCV  
  75  5:39  SCV  
  77  5:49  SCV  
  78  5:50  Barracks  
  78  5:51  SCV  
  78  5:52  Barracks  
  78  5:54  Marauder, Refinery  
  78  5:55  Marine  
  82  6:03  SCV  
  84  6:04  SCV  
  84  6:07  Supply Depot  
  84  6:08  Medivac x2  
  84  6:10  Marauder  
  90  6:12  Factory Reactor  
  90  6:16  SCV, Marauder  
  93  6:24  SCV, Command Center  
  94  6:30  SCV  
  94  6:31  Marine, Marauder  
  94  6:32  Marine  
  99  6:37  Marauder  
  99  6:38  Medivac x2  
  105  6:45  SCV  
  105  6:46  SCV  
  86  6:49  Marine, Supply Depot  
  86  6:52  Barracks Tech Lab  
  86  6:53  Barracks Reactor, Marauder  
  89  6:55  Widow Mine  
  89  6:58  SCV x2, Widow Mine  
  89  7:01  Terran Infantry Armor Level 1, Marine  
  95  7:02  Marauder  
  98  7:10  SCV  
  98  7:15  SCV  
  98  7:17  Marauder  
  98  7:18  Marine, Marauder  
  98  7:19  Marine  
  98  7:20  Medivac  
  98  7:22  SCV  
  107  7:23  Marauder  
  107  7:24  Medivac  
  107  7:28  SCV, Supply Depot  
  112  7:32  Marine x2  
  112  7:33  Supply Depot  
  112  7:34  SCV  
  112  7:35  Widow Mine  
  112  7:36  Marine  
  118  7:40  SCV  
  119  7:45  Marine x2, Marauder x2  
  119  7:47  Widow Mine  
  127  7:53  Viking  
  127  7:54  SCV x3  
  132  8:00  Supply Depot  
  132  8:02  Supply Depot  
  132  8:04  Engineering Bay  
  132  8:07  Armory  
  132  8:09  Orbital Command  
  132  8:12  Supply Depot  
  132  8:14  Refinery  
  132  8:16  Refinery  
  132  8:17  Marauder  
  134  8:22  Marine  
  134  8:23  Marine, Marauder x2  
  134  8:26  Viking  
  142  8:28  Viking  
  142  8:30  SCV x2  
  146  8:38  SCV  
  146  8:39  Marine x2, Marauder  
  151  8:42  SCV  
  151  8:44  Marauder  
  142  8:53  Marine x2, Marauder  
  142  8:54  Widow Mine x2  
  146  8:56  Viking  
  146  8:57  Marine, Terran Infantry Weapons Level 2  
  146  8:58  Viking  
  146  8:59  Terran Infantry Armor Level 2  
  146  9:01  Marauder  
  144  9:13  SCV x2, Starport  
  144  9:15  Marauder  
  144  9:16  Command Center  
  148  9:21  SCV  
  149  9:25  SCV  
  149  9:26  Viking  
  149  9:27  Marine x3, Marauder  
  149  9:29  Widow Mine  
  149  9:31  Medivac  
  161  9:37  Missile Turret  
  161  9:39  Missile Turret  
  161  9:43  Marine  
  161  9:44  Marine x2, Marauder x2  
  168  9:50  Barracks  
  168  9:51  Barracks x2  
  168  9:54  Starport Reactor  
  168  9:59  Marine, Marauder  
  171  10:00  Fusion Core  
  171  10:01  Marine  
  171  10:03  Widow Mine x2  
  171  10:05  Marine, Marauder  
  179  10:20  Missile Turret  
  179  10:25  Marauder  
  179  10:27  Marine x3  
  179  10:28  Marauder x2  
  188  10:30  Supply Depot  
  188  10:34  Barracks  
  188  10:38  Barracks Tech Lab x2  
  188  10:39  Barracks Reactor, Barracks  
  188  10:44  Barracks  
  188  10:50  Marine x3, Marauder  
  188  10:51  Marauder x2, Widow Mine  
  199  11:06  Command Center  
  199  11:09  Command Center  
  199  11:11  Sensor Tower  
  199  11:19  Sensor Tower  
Show
View Real Time Build Order
Export as new Build Order

A.I. 1 (Very Easy) Protoss - Winner!

Build Orders:  

Get SALT Encoding   

  12  0:00  Probe  
  13  0:13  Probe  
  14  0:19  Pylon  
  14  0:36  Assimilator  
  14  0:42  Gateway  
  14  0:46  Pylon  
  14  1:14  Assimilator  
  14  1:22  Probe  
  14  1:24  Zealot  
  14  1:30  Probe  
  17  1:34  Cybernetics Core  
  18  1:40  Probe  
  19  1:52  Probe  
  20  2:01  Warp Gate, Probe  
  21  2:09  Probe  
  22  2:44  Stalker  
  24  5:20  Stalker  
  26  5:21  Probe  
  26  5:23  Pylon  
  26  5:33  Probe  
  19  5:36  Pylon  
  19  5:45  Probe  
  19  5:49  Zealot  
  19  5:56  Pylon  
  19  5:57  Probe  
  18  6:09  Probe  
  16  6:17  Stalker  
  15  6:32  Pylon  
  10  6:45  Nexus  
  10  6:46  Zealot  
  12  7:14  Zealot  
  14  7:16  Robotics Facility  
  14  7:53  Probe  
  13  8:01  Probe  
  13  8:03  Observer  
  15  8:09  Stalker  
  15  8:11  Probe  
  17  8:14  Nexus  
  18  8:21  Observer  
  18  8:23  Probe  
  20  8:30  Nexus  
  19  8:35  Probe  
  19  8:38  Stalker  
  22  8:42  Nexus  
  21  9:07  Zealot  
  23  9:33  Immortal  
  23  9:36  Probe  
  28  9:45  Probe  
  29  9:54  Probe  
  29  9:57  Probe  
  31  10:09  Probe  
  32  10:16  Probe  
  33  10:23  Probe  
  34  10:30  Probe, Adept  
  37  10:37  Probe  
  38  10:44  Probe  
  38  10:49  Probe  
  40  10:58  Probe  
  40  11:02  Probe  
  41  11:09  Probe  
  43  11:20  Probe  
  44  11:28  Zealot  
Tags
 
League
Diamond
Matchup
PvT
Spawn Locations
Cross Positions
Add a new tag
Caveats
  • Supply blocks, unpowered buildings, or Contaminate may cause inaccurate times.
  • Supply counts are checked every 10 seconds.